Zazza, neutral female human Tourist ----- |...| ----- |...| #.....##################################### |...| ----- ###|...| # |...| |...| # |...| ### ------------- #-...| #....| ### |....######## |`...ii....@|######### ###---.- #|...| --------# |..<| ### # |.....`.iiif| # # ## #----- |......|# ----- # ### |...--.--.f.| ### # #### |......|# ######`....|.{.|...| # # ### # |......|# ###|..`|{.{|`..| ### ### # # |..^...|# #....|.{.|...| # ############# # |......-# |...-----...| ### ###-----.---+---# -------- |.........Z.| # #|...........-# |`........i`.##### |>..........| ------------- |...........| ------------- Zazza the Rambler Experience level: 2 Strength: 12 Dexterity: 12 Constitution: 14 Intelligence: 15 Wisdom: 7 Charisma: 18 Health: 0(14) Energy: 5(5) Def: 1 Gold: 0 Moves: 3522 Dungeon seed: X1HIrYYndBO_LU6S Game ID: Zazza_1576098002 Your Inventory: Weapons a - 35 +2 darts (in quiver) m - 50 +0 darts n - a blessed +2 elven dagger (weapon in hand) Armor e - a blessed +0 Hawaiian shirt (being worn) y - an uncursed +0 orcish helm (being worn) Comestibles c - 4 uncursed food rations f - an uncursed lembas wafer i - an uncursed egg W - an uncursed sprig of wolfsbane Potions g - an uncursed potion of extra healing Rings q - an uncursed ring of teleport control (on left hand) Tools j - an expensive camera (0:99) k - an uncursed credit card N - an uncursed sack Contents of the sack: 2022 gold pieces a +0 elven spear a blessed +2 orcish dagger a blessed +1 scimitar an uncursed +0 orcish helm an uncursed scroll of enchant weapon an uncursed scroll of fire an uncursed spellbook of cause fear an uncursed spellbook of slow monster an uncursed potion of booze an uncursed potion of extra healing a cursed potion of gain ability 2 uncursed potions of gain energy an uncursed potion of healing an uncursed potion of invisibility an uncursed potion of paralysis an uncursed potion of sleeping 2 uncursed tallow candles (0:200) 2 uncursed jet stones an uncursed worthless piece of blue glass Spells and supernatural/magical abilities: Name Level Category Fail Memory c - cause fear 3 enchantment 100% 92% l - light 1 divination 38% 89% s - slow monster 2 enchantment 99% 94% W - pray for help -- divine ? -- Your skills at the end: Fighting Skills Weapon Skills dart [Basic] Spellcasting Skills Final Attributes: You were stridently aligned. You had teleport control. You were lucky. You are dead. Vanquished creatures: a kobold lord 6 hill orcs 4 rothes 4 dwarf zombies an iguana a gas spore a hobbit 5 manes 2 giant rats 3 cave spiders 4 green molds 3 gnomes a garter snake a gnome zombie 4 geckos 5 jackals a fox a kobold 3 sewer rats 20 grid bugs a bat 7 lichens 7 newts 86 creatures vanquished. Voluntary challenges: You were an atheist. You used a wielded weapon 6 times, starting on turn 3024. You read items or engraved 17 times, starting on turn 125. You never genocided any monsters. You never polymorphed an object. You never changed form. You used no wishes. You never split a pudding. You never wrote Elbereth's name. You never violated your personal moral code. Dungeon overview: The Dungeons of Doom: levels 1 to 8 Level 1 a long staircase Level 2 a general store, some fountains a long staircase Level 3 a scroll shop, a fountain Level 4 Level 5 Level 6 a fountain Level 7 a fountain Level 8 <- You were here many fountains History has recorded: On T:1 you entered the Dungeons of Doom to retrieve the Amulet of Yendor! On T:219 you reached level 2 of The Dungeons of Doom. On T:859 you reached level 3 of The Dungeons of Doom. On T:946 you advanced to experience level 2. On T:1611 you reached level 4 of The Dungeons of Doom. On T:2114 you reached level 5 of The Dungeons of Doom. On T:2426 you reached level 6 of The Dungeons of Doom. On T:2918 you reached level 7 of The Dungeons of Doom. On T:3327 you reached level 8 of The Dungeons of Doom. Score breakdown: Gold: 1555 (10858 points) Experience: 2 levels ( 5570 points) Exploration: 8 levels ( 16.00%) (11338 points) Discoveries: 6 items ( 2.01%) ( 4256 points) Valuables value: (no points given unless you survive) Artifact value: 0 ( 0 points) Variety of kills: 23 monsters ( 6.04%) ( 7370 points) Turncount: 3522 turns ( -836 points) Survival: died (score multiplied by 80%) Total score: 30844 Latest messages: You displace your housecat. The dwarf zombie hits! Armand bites the dwarf zombie. The dwarf zombie misses Armand. Armand bites the dwarf zombie. The dwarf zombie is destroyed! Armand picks up a dwarf corpse. Armand misses the imp. You see here a statue of a mountain centaur. Armand misses the imp. You miss the imp. The imp hits! Armand misses the manes. You miss the imp. Armand bites the manes. The manes misses Armand. (2x) The manes bites Armand. The imp hits! You write in the dust with your fingers. Armand drops a dwarf corpse. Armand misses the manes. The imp hits! You die... Final status: Aloha Zazza the Tourist, killed by an imp... You died in The Dungeons of Doom on dungeon level 8 with 30844 points, and 2022 pieces of gold, after 3522 moves. You were level 2 with a maximum of 14 hit points when you died.